[Event "Titled Tuesday Blitz January 25 2022"]
[White "Kucuksari, Kaan"]
[Black "Song, Michael"]
[WhiteFideId "6380166"]
[BlackFideId "2613190"]
[WhiteElo "2305"]
[BlackElo "2274"]
[Result "0-1"]
[Round "05"]
[TimeControl "180+1"]
[Date "2022.01.26"]
[WhiteClock "0:00:10"]
[BlackClock "0:01:24"]

1. d4 Nf6 2. c4 e6 3. g3 d5 4. Nf3 Be7 5. Bg2 O-O 6. O-O c6 7. Qc2 b6 8. Bf4 Bb7 9. Rd1 Nbd7 10. Ne5 Rc8 11. Nc3 c5 12. cxd5 exd5 13. Rac1 cxd4 14. Rxd4 Bc5 15. Rdd1 Nxe5 16. Bxe5 Bxf2+ 17. Kh1 Be3 18. Ra1 Ng4 19. Rf1 Nxe5 20. Rad1 Qe7 21. Bxd5 Rfd8 22. Qb3 Rxc3 23. bxc3 Rxd5 24. Rxd5 Qe6 25. Rd1 Ng4 26. Qa4 Qxd5+ 0-1


[Site "https://www.chess.com"]

[Event "Titled Tuesday Blitz January 25 2022"]
[White "Le, Tuan Minh"]
[Black "Azadaliyev, Jahandar"]
[WhiteFideId "12401153"]
[BlackFideId "13425811"]
[WhiteElo "2450"]
[BlackElo "1795"]
[Result "1-0"]
[Round "05"]
[TimeControl "180+1"]
[Date "2022.01.26"]
[WhiteClock "0:00:14"]
[BlackClock "0:00:33"]

1. d4 Nf6 2. Nf3 d5 3. Bf4 e6 4. e3 Bd6 5. c3 O-O 6. Nbd2 c5 7. Bd3 Qc7 8. Bxd6 Qxd6 9. Ne5 Nfd7 10. f4 f5 11. O-O Nc6 12. Ndf3 b6 13. Qe1 Bb7 14. Qh4 Ndxe5 15. fxe5 Qe7 16. Qh5 Qe8 17. Qh4 Qe7 18. Qh3 Rac8 19. g4 g6 20. gxf5 gxf5 21. Kh1 Kh8 22. Rg1 Rg8 23. Qh6 Rxg1+ 24. Rxg1 Rg8 25. Ng5 Nd8 26. Rg3 Bc6 27. Nxh7 Qxh7 28. Qf6+ Rg7 29. Qxd8+ Qg8 30. Rh3+ Rh7 31. Qf6+ Qg7 32. Rxh7+ Kxh7 33. Qxe6 Kh8 34. Qc8+ Kh7 35. Bxf5+ Kh6 36. Qxc6+ Kh5 37. Qg6+ 1-0


[Site "https://www.chess.com"]

[Event "Titled Tuesday Blitz January 25 2022"]
[White "Loy, Konstantin"]
[Black "Gelman, Alexander"]
[WhiteFideId "14122499"]
[BlackFideId "4118316"]
[WhiteElo "2084"]
[BlackElo "2375"]
[Result "0-1"]
[Round "05"]
[TimeControl "180+1"]
[Date "2022.01.26"]
[WhiteClock "0:00:05"]
[BlackClock "0:00:17"]

1. e4 c5 2. Nf3 e6 3. d3 Nc6 4. g3 d5 5. Nbd2 Nf6 6. Bg2 Be7 7. O-O O-O 8. Re1 Re8 9. e5 Nd7 10. Nf1 b5 11. h4 b4 12. h5 h6 13. Bf4 a5 14. Qd2 a4 15. g4 a3 16. b3 f6 17. exf6 Bxf6 18. g5 Bxa1 19. Rxa1 e5 20. Bg3 hxg5 21. Nxg5 Nf6 22. Re1 Ra7 23. Nh2 Bf5 24. Nhf3 Rae7 25. Nh4 Nd4 26. Ng6 Bxg6 27. hxg6 Qd7 28. Nf7 Qf5 29. Qd1 Qxg6 30. Nd6 Rd8 31. Bxe5 Rxe5 32. Rxe5 Rxd6 33. Kf1 Re6 34. Rxe6 Nxe6 35. Qf3 Qg5 36. Bh3 Nd4 37. Qg3 Qxg3 38. fxg3 Nxc2 39. Ke2 Nd4+ 40. Ke3 Nxb3 41. axb3 a2 0-1


[Site "https://www.chess.com"]

[Event "Titled Tuesday Blitz January 25 2022"]
[White "Maevsky, Nikolay"]
[Black "Bryakin, Mikhail"]
[WhiteFideId "4198220"]
[BlackFideId "4165314"]
[WhiteElo "2104"]
[BlackElo "2421"]
[Result "1/2-1/2"]
[Round "05"]
[TimeControl "180+1"]
[Date "2022.01.26"]
[WhiteClock "0:00:03"]
[BlackClock "0:00:05"]

1. d4 Nf6 2. Nf3 g6 3. c4 d5 4. Nc3 Bg7 5. cxd5 Nxd5 6. e4 Nxc3 7. bxc3 c5 8. Rb1 O-O 9. Be2 Nc6 10. d5 Ne5 11. Nxe5 Bxe5 12. c4 f5 13. exf5 gxf5 14. Rb3 b6 15. O-O Qd6 16. Rh3 f4 17. Bg4 Rf7 18. Re1 Rg7 19. Bxc8 Rxc8 20. Qh5 Bd4 21. Re6 Qc7 22. Rh6 Qe5 23. Re6 Qxh5 24. Rxh5 Rf8 25. Kf1 f3 26. g3 Rff7 27. h3 Rg6 28. Re4 Kg7 29. Be3 Bxe3 30. Rxe3 Rgf6 31. Rhe5 Kf8 32. Ke1 Ke8 33. Kd2 Kd7 34. Kd3 Rf5 35. R5e4 Rh5 36. h4 Rhf5 37. a4 R5f6 38. Re5 h6 39. Ke4 Kd6 40. Rd3 Kd7 41. Ke3 Kd6 42. Re4 Rg7 43. a5 Rgf7 44. axb6 axb6 45. Rb3 Kd7 46. Ra3 Kc7 47. Ra7+ Kd8 48. Rb7 Ke8 49. Re5 Kd8 50. Ke4 Ke8 51. Rb8+ Kd7 52. Rb7+ Kd8 53. Ra7 Ke8 54. Re6 Kf8 55. Ra8+ Kg7 56. Rxf6 Rxf6 57. Rb8 Kf7 58. Rb7 Ke8 59. Rb8+ Kf7 60. Rb7 Ke8 61. Ke5 Kf7 62. Ra7 h5 63. Ra3 Rg6 64. Rxf3+ Ke8 65. Rb3 Rf6 66. f4 Rg6 67. Ra3 Kf7 68. Rb3 Rf6 69. Re3 Rg6 70. Kf5 Rg8 71. Rd3 Rg6 72. Rb3 Kg7 73. Re3 Kf7 74. Re6 Rxg3 75. Rh6 Rc3 76. Rh7+ Ke8 77. Rxh5 Rxc4 78. Rh8+ Kd7 79. Rh7 Rd4 80. Ke5 Rd1 81. f5 Re1+ 82. Kf4 Rf1+ 83. Ke4 Re1+ 84. Kd3 Kd6 85. h5 Kxd5 86. h6 c4+ 87. Kd2 Re5 88. Rf7 Re4 89. h7 Rh4 90. Rxe7 Kd4 91. Rd7+ Ke5 92. f6 Kxf6 93. Kc3 b5 94. Rb7 Ke6 95. Rxb5 Rxh7 96. Kxc4 Rh4+ 97. Kc5 1/2-1/2


[Site "https://www.chess.com"]

[Event "Titled Tuesday Blitz January 25 2022"]
[White "Maghsoodloo, Parham"]
[Black "Hasangatin, Ramil"]
[WhiteFideId "12539929"]
[BlackFideId "4122160"]
[WhiteElo "2630"]
[BlackElo "2375"]
[Result "1/2-1/2"]
[Round "05"]
[TimeControl "180+1"]
[Date "2022.01.26"]
[WhiteClock "0:01:04"]
[BlackClock "0:00:33"]

1. e4 c5 2. Nf3 e6 3. d4 cxd4 4. Nxd4 Nf6 5. Nc3 Nc6 6. Nxc6 dxc6 7. e5 Qxd1+ 8. Nxd1 Ng4 9. Bf4 f6 10. f3 Nxe5 11. Bxe5 fxe5 12. Nf2 Bd6 13. O-O-O Ke7 14. Bc4 b5 15. Bb3 c5 16. Ne4 Rd8 17. c3 Bb7 18. Rhe1 Bxe4 19. Rxe4 c4 20. Bc2 h6 21. h4 Bc7 22. Rde1 Rf8 23. Rg4 Rf7 24. Ree4 Rg8 25. b3 cxb3 26. Bxb3 a6 27. a4 Bd6 28. axb5 axb5 29. Kb2 g5 30. hxg5 Rxg5 31. Rxg5 hxg5 32. Rg4 Kf6 33. Bc2 Rf8 34. Bd3 Rb8 35. Kb3 Rb7 36. Re4 Rb8 37. Bf1 Rb7 38. Bd3 Rb8 39. Re1 b4 40. c4 Ra8 41. Rh1 Ra3+ 42. Kc2 Ra2+ 43. Kb3 Ra3+ 44. Kc2 Ra2+ 45. Kb3 Ra3+ 1/2-1/2


[Site "https://www.chess.com"]

[Event "Titled Tuesday Blitz January 25 2022"]
[White "Manukian, Artak"]
[Black "Tikhonov, Viacheslav"]
[WhiteFideId "13301373"]
[BlackFideId "44196407"]
[WhiteElo "2418"]
[BlackElo "1773"]
[Result "0-1"]
[Round "05"]
[TimeControl "180+1"]
[Date "2022.01.26"]
[WhiteClock "0:00:02"]
[BlackClock "0:00:04"]

1. e3 Nf6 2. c4 g6 3. d4 Bg7 4. g3 O-O 5. Bg2 d5 6. Nd2 c5 7. dxc5 Na6 8. Ne2 Nxc5 9. O-O dxc4 10. Nxc4 Be6 11. Ne5 Bd5 12. f3 Qc7 13. Nd3 Nxd3 14. Qxd3 Rfd8 15. Qc3 Qb6 16. Nf4 Rac8 17. Qa3 Bc4 18. Re1 e5 19. Nh3 e4 20. fxe4 Ng4 21. Nf4 Bf8 22. Qa4 Bc5 23. Nd5 Bxd5 24. exd5 Bxe3+ 25. Kf1 Nxh2+ 26. Ke2 Bd4 27. Qb3 Re8+ 28. Kd1 Rxe1+ 29. Kxe1 Re8+ 30. Kd1 Ng4 31. Bf4 Qa5 32. Kc2 Re2+ 33. Kd3 Rxg2 34. Kxd4 Qd8 35. Re1 Nf6 0-1


[Site "https://www.chess.com"]

[Event "Titled Tuesday Blitz January 25 2022"]
[White "Martin Duque, Jesus"]
[Black "Arabidze, Meri"]
[WhiteFideId "2208954"]
[BlackFideId "13604040"]
[WhiteElo "2243"]
[BlackElo "2329"]
[Result "0-1"]
[Round "05"]
[TimeControl "180+1"]
[Date "2022.01.26"]
[WhiteClock "0:00:45"]
[BlackClock "0:00:39"]

1. Nf3 d5 2. b3 e6 3. Bb2 Nf6 4. g3 c5 5. Bg2 Nc6 6. O-O Be7 7. e3 O-O 8. Qe2 b6 9. Rd1 a5 10. d4 Ba6 11. c4 a4 12. dxc5 Bxc5 13. Nc3 a3 14. Bc1 Qe7 15. Nb5 dxc4 16. bxc4 Rac8 17. Bd2 Ne4 18. Be1 f5 19. Nfd4 Ne5 20. f4 Bxd4 21. Rxd4 Nxc4 22. Na7 Qxa7 23. Bb4 Rfd8 24. Bxe4 fxe4 25. Rxe4 Nd6 26. Qf3 Nxe4 27. Qxe4 Qf7 28. Bxa3 Bb7 29. Qe5 Rc2 30. Bb2 Rg2+ 31. Kf1 Rxh2 32. Kg1 Rg2+ 33. Kf1 Rxg3 34. Rc1 Qg6 35. e4 Rg1+ 36. Ke2 Qg2+ 0-1


[Site "https://www.chess.com"]

[Event "Titled Tuesday Blitz January 25 2022"]
[White "Martinez Alcantara, Jose Eduardo"]
[Black "Dastan, Muhammed Batuhan"]
[WhiteFideId "3805662"]
[BlackFideId "6300014"]
[WhiteElo "2690"]
[BlackElo "2410"]
[Result "0-1"]
[Round "05"]
[TimeControl "180+1"]
[Date "2022.01.26"]
[WhiteClock "0:00:10"]
[BlackClock "0:00:22"]

1. e4 c5 2. Nf3 d6 3. c3 Nf6 4. h3 Nc6 5. Bd3 d5 6. e5 Nd7 7. Bb5 Qb6 8. Bxc6 Qxc6 9. d4 b6 10. O-O e6 11. Re1 Be7 12. Nbd2 O-O 13. Nf1 f6 14. exf6 Nxf6 15. Bg5 Qe8 16. Ng3 Qg6 17. Qe2 h6 18. Bd2 Bd6 19. Ne5 Qc2 20. Bf4 Qxe2 21. Rxe2 Ba6 22. Ree1 cxd4 23. cxd4 Rfc8 24. Ng6 Bb4 25. Red1 Rc2 26. a3 Bf8 27. Nxf8 Kxf8 28. a4 Bc4 29. a5 bxa5 30. Rd2 Rxd2 31. Bxd2 Rb8 32. Bc3 Rb5 33. f3 Nd7 34. Bxa5 Rxb2 35. Bc3 Ra2 36. Rb1 Rc2 37. Ba5 a6 38. Rb7 Bb5 39. Bb4+ Kf7 40. Nh5 Rc4 41. Bd6 Rxd4 42. Kh2 Rd2 43. Kg1 g5 44. f4 Kg6 45. g4 Rd3 46. Kh2 Rd2+ 47. Kg1 d4 48. Ra7 Rd1+ 49. Kh2 Rd3 50. Ra8 Kf7 51. Rh8 Rd2+ 52. Kg1 Rd1+ 53. Kh2 d3 54. Rh7+ Ke8 55. Ng7+ Kd8 56. Rh8+ Nf8 57. Bxf8 Kd7 58. Bb4 d2 59. Bxd2 Rxd2+ 60. Kg1 gxf4 61. Rxh6 f3 62. Rf6 Bc6 63. Nh5 a5 64. g5 Rg2+ 65. Kf1 Rxg5 66. Nf4 Rf5 67. Rxf5 exf5 68. Kf2 Be4 69. Nd3 Bxd3 70. Ke3 Be4 71. h4 Ke7 72. Kf4 Kf6 73. h5 f2 74. h6 f1=Q+ 75. Ke3 Qd3+ 76. Kf2 Qf3+ 77. Ke1 Qe3+ 78. Kf1 Qd2 79. Kg1 Qg2# 0-1


[Site "https://www.chess.com"]

[Event "Titled Tuesday Blitz January 25 2022"]
[White "Mirzoev, Azer"]
[Black "Timofeev, Artyom"]
[WhiteFideId "13400304"]
[BlackFideId "4140419"]
[WhiteElo "2525"]
[BlackElo "2583"]
[Result "1/2-1/2"]
[Round "05"]
[TimeControl "180+1"]
[Date "2022.01.26"]
[WhiteClock "0:00:57"]
[BlackClock "0:00:35"]

1. d4 d5 2. Nf3 Nf6 3. Bf4 g6 4. e3 Bg7 5. h3 O-O 6. Nbd2 c5 7. c3 Nc6 8. Be2 Nd7 9. O-O e5 10. dxe5 Ndxe5 11. Nxe5 Nxe5 12. Nf3 Nc6 13. Qa4 Qb6 14. Qb5 Qxb5 15. Bxb5 Rd8 16. Rfd1 Be6 17. Rac1 Rac8 18. a3 a6 19. Bf1 h6 20. g4 g5 21. Bg3 f5 22. gxf5 Bxf5 23. b4 c4 24. Nd4 Nxd4 25. exd4 Re8 26. Re1 Kf7 27. a4 Rxe1 28. Rxe1 Be4 29. Bg2 Bxg2 30. Kxg2 Bf6 31. f4 gxf4 32. Bxf4 h5 33. Kf3 Rg8 34. a5 Re8 35. Rb1 Kg6 36. b5 Kf5 37. bxa6 bxa6 38. Rb6 Re4 39. Be3 Re6 40. Rb7 Re7 41. Rb6 Re6 42. Rb7 Re7 43. Rb6 Re6 1/2-1/2


[Site "https://www.chess.com"]

[Event "Titled Tuesday Blitz January 25 2022"]
[White "Mischuk, Dmitry"]
[Black "Karabalis, Harilos"]
[WhiteFideId "14118734"]
[BlackFideId "4621808"]
[WhiteElo "2256"]
[BlackElo "2168"]
[Result "0-1"]
[Round "05"]
[TimeControl "180+1"]
[Date "2022.01.26"]
[WhiteClock "0:00:02"]
[BlackClock "0:00:07"]

1. e4 d6 2. d4 Nf6 3. Nc3 Nbd7 4. Nf3 e5 5. g4 h6 6. h4 c6 7. Rg1 g6 8. g5 hxg5 9. hxg5 Nh5 10. Bc4 Qe7 11. dxe5 Nxe5 12. Nxe5 dxe5 13. Be3 Be6 14. Bb3 Nf4 15. Qf3 Qc7 16. O-O-O Bxb3 17. axb3 Be7 18. Bxf4 exf4 19. e5 Rh4 20. Ne4 Rd8 21. Nf6+ Kf8 22. Rde1 Qa5 23. Kb1 Rd4 24. Rh1 Rxh1 25. Rxh1 Bxf6 26. exf6 Ke8 27. Qg4 Kd8 28. Qe2 Kc7 29. Qe7+ Rd7 30. Qe2 Qxg5 31. Qe8 Qxf6 32. Qa8 Kb6 33. Qe8 Qe7 34. Qh8 Qe2 35. Qh4 Rd1+ 36. Rxd1 Qxd1+ 37. Ka2 Qxc2 38. Qxf4 f5 39. Qe3+ Qc5 40. Qe2 a5 41. Kb1 g5 42. Ka2 g4 43. f4 Qb4 44. Qe1 Qxe1 0-1


[Site "https://www.chess.com"]

[Event "Titled Tuesday Blitz January 25 2022"]
[White "Morris-Suzuki, Sophie"]
[Black "Srihari L R"]
[WhiteFideId "30922615"]
[BlackFideId "46617116"]
[WhiteElo "2533"]
[BlackElo "2121"]
[Result "0-1"]
[Round "05"]
[TimeControl "180+1"]
[Date "2022.01.26"]
[WhiteClock "0:00:03"]
[BlackClock "0:00:15"]

1. d4 d6 2. e4 Nf6 3. Nc3 e5 4. Nf3 exd4 5. Nxd4 Be7 6. Bc4 O-O 7. Bb3 Nc6 8. O-O Nxd4 9. Qxd4 Be6 10. Nd5 Nxd5 11. exd5 Bd7 12. c3 Bf6 13. Qd3 Qc8 14. Bc2 g6 15. Bh6 Bg7 16. Bxg7 Kxg7 17. Qd4+ Kg8 18. h4 Bf5 19. Bb3 h5 20. Rfe1 Re8 21. Kf1 a6 22. c4 Qd7 23. a4 Rxe1+ 24. Rxe1 Re8 25. Re3 b6 26. f3 a5 27. Kf2 Qd8 28. g3 Bd7 29. Bc2 Rxe3 30. Qxe3 Qf6 31. b3 Qb2 32. Qe2 Kf8 33. Ke1 Qd4 34. Qf2 Qa1+ 35. Bd1 Bf5 36. Qd2 Ke7 37. Qg5+ Ke8 38. g4 Bc2 39. Qe3+ Kd7 40. Qe2 Bxb3 41. gxh5 Bxd1 42. Qxd1 Qxd1+ 43. Kxd1 gxh5 44. Kd2 c6 45. Ke3 cxd5 46. cxd5 b5 47. axb5 Kc7 48. Kd4 Kb6 49. Kc4 a4 50. Kb4 a3 51. Kxa3 Kxb5 52. Kb3 Kc5 53. Kc3 Kxd5 54. Kd3 Ke5 55. Ke3 d5 56. Kd3 d4 57. Kc4 Kf4 58. Kxd4 Kxf3 59. Ke5 Kg4 60. Kf6 Kxh4 61. Kf5 Kg3 62. Ke4 h4 63. Ke3 h3 0-1


[Site "https://www.chess.com"]

[Event "Titled Tuesday Blitz January 25 2022"]
[White "Nasyrova, Ekaterina"]
[Black "Golubev, Mikhail"]
[WhiteFideId "44157797"]
[BlackFideId "14100983"]
[WhiteElo "2068"]
[BlackElo "2374"]
[Result "0-1"]
[Round "05"]
[TimeControl "180+1"]
[Date "2022.01.26"]
[WhiteClock "0:00:23"]
[BlackClock "0:00:37"]

1. d4 Nf6 2. c4 g6 3. g3 Bg7 4. Bg2 O-O 5. Nc3 d6 6. Nf3 Nbd7 7. O-O e5 8. e4 Re8 9. Re1 exd4 10. Nxd4 c6 11. b3 Nc5 12. f3 d5 13. cxd5 Nxd5 14. Nxd5 cxd5 15. Be3 dxe4 16. fxe4 Nxe4 17. Rc1 Bg4 18. Qxg4 Bxd4 19. Bxe4 Bxe3+ 20. Rxe3 f5 21. Bxf5 Rxe3 22. Be6+ Kh8 23. Rf1 Qb6 0-1


[Site "https://www.chess.com"]

[Event "Titled Tuesday Blitz January 25 2022"]
[White "Nesterov, Arseniy"]
[Black "Jacobson, Aaron"]
[WhiteFideId "24198455"]
[BlackFideId "2089912"]
[WhiteElo "2489"]
[BlackElo "2265"]
[Result "1/2-1/2"]
[Round "05"]
[TimeControl "180+1"]
[Date "2022.01.26"]
[WhiteClock "0:01:52"]
[BlackClock "0:01:16"]

1. d4 Nf6 2. c4 e6 3. Nf3 d5 4. Nc3 c5 5. cxd5 cxd4 6. Qxd4 exd5 7. Bg5 Be7 8. e3 O-O 9. Be2 Nc6 10. Qa4 Be6 11. O-O h6 12. Bh4 Qb6 13. Qb5 Qxb5 14. Bxb5 g5 15. Bg3 Ne4 16. Nxe4 dxe4 17. Ne5 Nxe5 18. Bxe5 a6 19. Be2 Rac8 20. Bc3 Rfd8 21. a3 Bf8 1/2-1/2


[Site "https://www.chess.com"]

[Event "Titled Tuesday Blitz January 25 2022"]
[White "Nestorovic, Nikola"]
[Black "Ozates, Tuna"]
[WhiteFideId "934526"]
[BlackFideId "6354521"]
[WhiteElo "2411"]
[BlackElo "1872"]
[Result "0-1"]
[Round "05"]
[TimeControl "180+1"]
[Date "2022.01.26"]
[WhiteClock "0:00:04"]
[BlackClock "0:01:06"]

1. c4 Nf6 2. Nc3 g6 3. d4 Bg7 4. Bg5 O-O 5. Nf3 d6 6. e3 c6 7. Be2 Qa5 8. O-O Nbd7 9. a3 a6 10. b4 Qc7 11. Rc1 e5 12. h3 h6 13. Bh4 Re8 14. c5 exd4 15. exd4 d5 16. Bg3 Qd8 17. Ne5 Nxe5 18. Bxe5 Ne4 19. Nxe4 dxe4 20. Bxg7 Kxg7 21. Bc4 Be6 22. Bxe6 Rxe6 23. d5 Qxd5 24. Qxd5 cxd5 25. Rfd1 Rd8 26. Rd4 Kf6 27. f4 exf3 28. gxf3 Re3 29. c6 bxc6 30. Rxc6+ Ke5 31. Rd2 Rxa3 32. Kf2 Rb3 33. Rb6 d4 34. Ra2 d3 35. Rd2 Kd4 36. Rxa6 Kc3 37. Rd1 Kc2 38. Raa1 d2 39. h4 Rxb4 40. h5 gxh5 41. Ke2 Re8+ 42. Kf2 Rd4 0-1


[Site "https://www.chess.com"]

[Event "Titled Tuesday Blitz January 25 2022"]
[White "Odegov, Artem"]
[Black "Rustemov, Alexander"]
[WhiteFideId "34183644"]
[BlackFideId "4119002"]
[WhiteElo "2277"]
[BlackElo "2728"]
[Result "0-1"]
[Round "05"]
[TimeControl "180+1"]
[Date "2022.01.26"]
[WhiteClock "0:00:03"]
[BlackClock "0:00:10"]

1. d4 d5 2. c4 dxc4 3. Nf3 Nf6 4. Nc3 a6 5. a4 Nc6 6. e4 Na5 7. Bg5 h6 8. Bh4 e6 9. Be2 g5 10. Bg3 Bb4 11. Qc2 b5 12. axb5 axb5 13. O-O Bb7 14. Nxb5 Bxe4 15. Qd1 Nd5 16. Ne5 O-O 17. Nxc4 c6 18. Nba3 Be7 19. Ne5 Bf6 20. Nac4 Nxc4 21. Bxc4 Qb6 22. Nd7 Qxd4 23. Qxd4 Bxd4 24. Nxf8 Rxf8 25. Ra2 Nb4 26. Ra4 c5 27. b3 Rd8 28. Ra7 Bd5 29. h4 Kg7 30. hxg5 hxg5 31. Re1 Kg6 32. Bxd5 Rxd5 33. Re2 Nd3 34. Raa2 e5 35. Rac2 f5 36. Bh2 e4 37. g3 g4 38. Kg2 Rd7 39. Rc4 Rb7 40. b4 Rxb4 41. Rxb4 cxb4 42. Bg1 b3 43. Kh1 b2 44. f4 Bxg1 45. Re1 Nxe1 46. Kxg1 b1=Q 47. Kf2 Nd3+ 48. Ke3 Qb6+ 49. Kd2 Qb2+ 50. Ke3 Qf2# 0-1


[Site "https://www.chess.com"]

[Event "Titled Tuesday Blitz January 25 2022"]
[White "Ovetchkin, Roman"]
[Black "Sarana, Alexey"]
[WhiteFideId "4119991"]
[BlackFideId "24133795"]
[WhiteElo "2409"]
[BlackElo "2665"]
[Result "0-1"]
[Round "05"]
[TimeControl "180+1"]
[Date "2022.01.26"]
[WhiteClock "0:00:18"]
[BlackClock "0:01:13"]

1. d4 Nf6 2. c4 e6 3. g3 Bb4+ 4. Bd2 Be7 5. Bg2 d5 6. Nf3 O-O 7. O-O c6 8. Qc2 Nbd7 9. Rd1 b6 10. Bf4 Ba6 11. Nbd2 Nh5 12. Be3 f5 13. cxd5 cxd5 14. Qc6 Kf7 15. Re1 h6 16. Qa4 Bb7 17. Ne5+ Nxe5 18. dxe5 g5 19. Bd4 Ng7 20. h3 Qe8 21. Qb3 Qd7 22. g4 h5 23. Rad1 Rac8 24. Bf3 hxg4 25. hxg4 Rh8 26. Kg2 Rh4 27. Kg3 Rch8 28. Rh1 fxg4 29. Rxh4 Nf5+ 0-1


[Site "https://www.chess.com"]

[Event "Titled Tuesday Blitz January 25 2022"]
[White "Padmini, Rout"]
[Black "Donchenko, Alexander"]
[WhiteFideId "5029295"]
[BlackFideId "24603295"]
[WhiteElo "2181"]
[BlackElo "2539"]
[Result "0-1"]
[Round "05"]
[TimeControl "180+1"]
[Date "2022.01.26"]
[WhiteClock "0:00:01"]
[BlackClock "0:00:37"]

1. Nf3 Nf6 2. g3 d5 3. Bg2 e6 4. O-O Be7 5. d3 O-O 6. Nbd2 c5 7. e4 Nc6 8. Qe2 b5 9. Re1 Bb7 10. e5 Nd7 11. Nf1 a5 12. h4 a4 13. h5 a3 14. b3 h6 15. Bf4 Qa5 16. N1h2 Rfc8 17. Ng4 Bf8 18. Bd2 Qb6 19. c3 d4 20. c4 Nb4 21. Bxb4 cxb4 22. Nd2 Bxg2 23. Kxg2 Rc5 24. f4 Rac8 25. Qf3 Be7 26. Nf2 R5c7 27. Nfe4 Kh8 28. Re2 f6 29. exf6 gxf6 30. cxb5 Rc2 31. Nc4 Rxe2+ 32. Qxe2 Qxb5 33. Ned2 Qd5+ 34. Kf2 Rg8 35. Re1 e5 36. fxe5 fxe5 37. Nxe5 Bg5 38. Ng6+ Kh7 39. Nf3 Be3+ 40. Kf1 Qxh5 41. Nfh4 Qxe2+ 42. Rxe2 Rxg6 43. Nxg6 Kxg6 44. Rc2 Ne5 45. Ke2 Bg5 46. Rc5 Kf5 47. Rb5 Be7 48. Rd5 Ke6 49. Rxd4 Nc6 50. Re4+ Kd5 51. Rg4 Nd4+ 52. Kd2 Nxb3+ 53. Ke3 Bg5+ 54. Kf3 Nd4+ 55. Kg2 b3 0-1


[Site "https://www.chess.com"]

[Event "Titled Tuesday Blitz January 25 2022"]
[White "Pajeken, Jakob Leon"]
[Black "Barria Zuniga, Daniel"]
[WhiteFideId "12942839"]
[BlackFideId "3400816"]
[WhiteElo "2351"]
[BlackElo "2414"]
[Result "1-0"]
[Round "05"]
[TimeControl "180+1"]
[Date "2022.01.26"]
[WhiteClock "0:00:05"]
[BlackClock "0:00:03"]

1. d4 d5 2. Nf3 e6 3. Bf4 Nf6 4. e3 Be7 5. c3 O-O 6. Nbd2 b6 7. h3 c5 8. Bd3 Ba6 9. Bxa6 Nxa6 10. Qe2 Qc8 11. O-O Qb7 12. Rfe1 b5 13. e4 Rac8 14. Bg5 h6 15. Bxf6 Bxf6 16. dxc5 Nxc5 17. e5 Be7 18. Nd4 b4 19. Rac1 Na4 20. cxb4 Bxb4 21. a3 Bxd2 22. Qxd2 Qxb2 23. Qxb2 Nxb2 24. Nc6 Rc7 25. Nd4 Nc4 26. Rc3 Rb8 27. f4 g6 28. g4 Rcb7 29. f5 Rb1 30. Rxb1 Rxb1+ 31. Kg2 Rb6 32. fxe6 fxe6 33. Kg3 Kf7 34. h4 Nxe5 35. Rc7+ Ke8 36. Rxa7 Nd7 37. h5 g5 38. a4 Ke7 39. a5 Rd6 40. a6 Kf6 41. Nb5 Rb6 42. Nc7 Nc5 43. Ra8 Nxa6 44. Rxa6 Rxa6 45. Nxa6 Ke5 46. Nc7 Kd6 47. Ne8+ Ke7 48. Nc7 Kd6 49. Nb5+ Kc5 50. Nc3 Kc4 51. Ne2 Kd3 52. Kf3 e5 53. Ng3 e4+ 54. Kf2 d4 55. Nf5 e3+ 56. Ke1 Ke4 57. Nxh6 d3 58. Nf5 Kf3 59. Nxe3 Kxe3 60. h6 1-0


[Site "https://www.chess.com"]

[Event "Titled Tuesday Blitz January 25 2022"]
[White "Pakleza, Zbigniew"]
[Black "Gerasimenyuk, Mikhail"]
[WhiteFideId "1119290"]
[BlackFideId "14111845"]
[WhiteElo "2467"]
[BlackElo "2181"]
[Result "1-0"]
[Round "05"]
[TimeControl "180+1"]
[Date "2022.01.26"]
[WhiteClock "0:00:06"]
[BlackClock "0:00:14"]

1. d4 d6 2. Nf3 c6 3. Bf4 Bg4 4. Nbd2 Nd7 5. h3 Bxf3 6. Nxf3 e5 7. Bh2 e4 8. Nd2 Ngf6 9. e3 d5 10. Be2 Bb4 11. O-O O-O 12. c4 Qe7 13. c5 Qe6 14. Nb3 a5 15. a3 a4 16. axb4 axb3 17. Qxb3 b5 18. cxb6 Nxb6 19. b5 cxb5 20. Qxb5 Nfd7 21. Rfc1 g6 22. Bf4 Rxa1 23. Rxa1 Rc8 24. b4 Nc4 25. Ra6 Ndb6 26. Bg4 f5 27. Be2 Qc6 28. Qxc6 Rxc6 29. b5 Rc8 30. g4 Kf7 31. Kg2 Ke7 32. Ra7+ Ke6 33. Rxh7 Nd7 34. Rh6 Kf7 35. gxf5 gxf5 36. Bh5+ Kg7 37. Rg6+ Kh7 38. Rc6 Rg8+ 39. Kf1 Ndb6 40. Bc7 Nd2+ 41. Ke2 Nbc4 42. b6 Rg1 43. b7 Nb1 44. Rxc4 dxc4 45. b8=Q Nc3+ 46. Kd2 Nd5 47. Bh2 c3+ 48. Kc2 Rf1 49. Bg3 Ra1 50. Qb7+ Kh6 51. Qxd5 Ra2+ 52. Qxa2 f4 53. Bxf4+ Kxh5 54. Qa5+ 1-0


[Site "https://www.chess.com"]

[Event "Titled Tuesday Blitz January 25 2022"]
[White "Panesar Vedant"]
[Black "Silich, Yahor"]
[WhiteFideId "35033018"]
[BlackFideId "13513656"]
[WhiteElo "1971"]
[BlackElo "2101"]
[Result "1-0"]
[Round "05"]
[TimeControl "180+1"]
[Date "2022.01.26"]
[WhiteClock "0:00:16"]
[BlackClock "0:00:01"]

1. d4 Nf6 2. c4 g6 3. Nc3 Bg7 4. e4 d6 5. Be2 O-O 6. Nf3 Nbd7 7. O-O e5 8. Be3 Re8 9. Qc2 exd4 10. Nxd4 c6 11. Rad1 Qe7 12. f3 a6 13. Bf2 Ne5 14. a4 a5 15. Rfe1 Bh6 16. Bf1 Nfd7 17. Nb3 b6 18. Nd4 Nc5 19. Bg3 Bb7 20. Kh1 Rad8 21. Qf2 Bg7 22. Bh4 Bf6 23. Bxf6 Qxf6 24. Rd2 h5 25. Red1 Kg7 26. Qg3 h4 27. Qf2 Rd7 28. f4 Ng4 29. Qf3 Nh6 30. Nc2 Bc8 31. Nd4 Bb7 32. Nc2 Bc8 33. Re1 Ng8 34. Qf2 Bb7 35. Bd3 Rde7 36. Qf3 Nh6 37. Bf1 Ne6 38. Qf2 Nxf4 39. Qxb6 Ng4 40. Qd4 Ne5 41. Qg1 h3 42. g3 Nf3 43. Qf2 Nxd2 44. Qxd2 Ne6 45. Bxh3 Nc5 46. Rf1 Qe5 47. Bg2 Ba6 48. Ne3 Rb8 49. Qf2 Qe6 50. Ng4 Kg8 51. Nf6+ Kg7 52. h4 Bxc4 53. Kh2 Rh8 54. Bh3 Nd3 55. Bxe6 Nxf2 56. Bxc4 Kxf6 57. Rxf2+ Kg7 58. Rd2 Rd8 59. Kg2 Re5 60. Kf3 Rc5 61. b3 d5 62. exd5 cxd5 63. Nxd5 Re8 64. Re2 Rd8 65. Rd2 Re8 66. Rd3 Rd8 67. Ne3 Re8 68. Rd7 Kh6 69. Rxf7 g5 70. Ng4+ Kg6 71. Rf6+ Kg7 72. h5 Rd8 73. h6+ Kh7 74. Rf7+ Kh8 75. Nf6 Rf5+ 76. Kg4 Rxf6 77. Rxf6 Kh7 78. Rf7+ Kxh6 79. Ra7 Rd4+ 80. Kf3 g4+ 81. Ke3 Rd1 82. Rxa5 Ra1 83. Be2 1-0


[Site "https://www.chess.com"]

[Event "Titled Tuesday Blitz January 25 2022"]
[White "Pap, Gyula"]
[Black "Andreikin, Dmitry"]
[WhiteFideId "725323"]
[BlackFideId "4158814"]
[WhiteElo "2553"]
[BlackElo "2736"]
[Result "0-1"]
[Round "05"]
[TimeControl "180+1"]
[Date "2022.01.26"]
[WhiteClock "0:00:01"]
[BlackClock "0:00:58"]

1. e4 e5 2. Nf3 Nc6 3. Nc3 Nf6 4. d4 exd4 5. Nxd4 Bb4 6. Nxc6 bxc6 7. Bd3 O-O 8. O-O d5 9. Bd2 Rb8 10. Re1 Bg4 11. Qc1 Bh5 12. a3 Bc5 13. Bg5 h6 14. Bh4 Be7 15. exd5 cxd5 16. Qe3 Re8 17. Qxa7 Rxb2 18. Bg3 Bd6 19. Bxd6 Qxd6 20. Rxe8+ Nxe8 21. Re1 Nf6 22. Na4 Ra2 23. Qb8+ Qf8 24. Qxc7 Rxa3 25. Nb6 Bg4 26. h3 Be6 27. Qe5 Qb4 28. Qb8+ Qf8 29. Qxf8+ Kxf8 30. Rb1 Ke7 31. f3 Kd6 32. Kf2 Kc5 33. Rb5+ Kc6 34. Rb4 Kc5 35. Rb5+ Kd4 0-1


[Site "https://www.chess.com"]